3AA
SAN BERNARDINO GRASSHOPPERS @ FT. POLK SOUTH THUNDER HAWKS
07/31/2028
 
TOP OF THE 1ST
San Bernardino Grasshoppers batting - Pitching for Ft. Polk South Thunder Hawks : RHP Delano Turnipseed
Pitching: RHP Delano Turnipseed
Batting: RHB Jaime López 0-0: Ball
1-0: Foul Ball, location: 2F
1-1: Foul Ball, location: 2F
1-2: Ball
2-2: Foul Ball, location: 2F
2-2: SINGLE (Line Drive, 8RS)
Batting: RHB Oscar Gandarilla 0-0: Ball
1-0: Called Strike
Jaime López steals 2nd base
1-1: Swinging Strike
1-2: Strikes out swinging
Batting: RHB Chris Costa 0-0: Ball
Jaime López steals 3rd base
1-0: Ball
2-0: Ball
3-0: Base on Balls
Batting: RHB Shawn Hicks 0-0: Ball
1-0: SINGLE (Groundball, 56D)
Jaime López scores
Chris Costa to second
Batting: LHB Eric Porter 0-0: Called Strike
0-1: Ball
1-1: Foul Ball, location: 2F
1-2: Strikes out looking
Batting: RHB Enrico Betancourt 0-0: Called Strike
0-1: Fly out, F9 (Flyball, 9D)
Top of the 1st over - 1 run(s), 2 hit(s), 0 error(s), 2 left on base; San Bernardino 1 - Ft. Polk South 0
BOTTOM OF THE 1ST
Ft. Polk South Thunder Hawks batting - Pitching for San Bernardino Grasshoppers : RHP Austin Aries
Pitching: RHP Austin Aries
Batting: RHB Chan-Wook Park 0-0: Swinging Strike
0-1: Ball
1-1: Called Strike
1-2: Ball
2-2: Strikes out swinging
Batting: RHB Peter Feng 0-0: Ball
1-0: Ball
2-0: Bunt missed!
2-1: Ball
3-1: Foul Ball, location: 2F
3-2: Foul Ball, location: 2F
3-2: SINGLE (Line Drive, 56S)
Batting: RHB José Morín 0-0: Called Strike
0-1: Fly out, F3 (Popup, 3S)
Batting: RHB Rob Morse 0-0: Ball
1-0: Ball
2-0: SINGLE (Groundball, 4D)
Peter Feng to second
Runner from 2nd tries for 3rd, SAFE, throw made to third
Rob Morse to second
Batting: RHB Sigi Lang 0-0: SINGLE (Groundball, 6MD)
Peter Feng scores
Rob Morse to third
Runner from 3rd tries for Home, SAFE, no throw
Batting: RHB César Villarreal 0-0: Ball
1-0: Ball
2-0: SINGLE (Groundball, 4MD)
Sigi Lang to second
Batting: RHB Borja Berrios 0-0: Fly out, F6 (Popup, 6)
Bottom of the 1st over - 2 run(s), 4 hit(s), 0 error(s), 2 left on base; San Bernardino 1 - Ft. Polk South 2
TOP OF THE 2ND
San Bernardino Grasshoppers batting - Pitching for Ft. Polk South Thunder Hawks : RHP Delano Turnipseed
Batting: LHB Natale Langushi 0-0: Ball
1-0: Called Strike
1-1: Ball
2-1: Ball
3-1: Swinging Strike
3-2: Base on Balls
Batting: RHB Felix Plugge 0-0: Swinging Strike
0-1: Fly out, F8 (Flyball, 8LM)
Batting: RHB Cisco Feijoo 0-0: Fielders Choice at 2nd, 6-4 (Groundball, 6)
Batting: RHB Jaime López 0-0: Ball
1-0: Called Strike
1-1: Ball
2-1: SINGLE (Groundball, 56S) (infield hit)
Cisco Feijoo to second
Batting: RHB Oscar Gandarilla 0-0: Called Strike
0-1: Foul Ball, location: 2F
0-2: SINGLE (Line Drive, 4MD)
Cisco Feijoo to third
Jaime López to second
Runner from 3rd tries for Home, SAFE, no throw
Batting: RHB Chris Costa 0-0: Called Strike
0-1: Ball
1-1: Called Strike
1-2: Foul Ball, location: 2F
1-2: Ball
2-2: Ball
3-2: Fly out, F7 (Flyball, 7S)
Top of the 2nd over - 1 run(s), 2 hit(s), 0 error(s), 2 left on base; San Bernardino 2 - Ft. Polk South 2
BOTTOM OF THE 2ND
Ft. Polk South Thunder Hawks batting - Pitching for San Bernardino Grasshoppers : RHP Austin Aries
Batting: RHB Pedro Méndez 0-0: Ball
1-0: Called Strike
1-1: Ground out 6-3 (Groundball, 6D)
Batting: RHB Peter Agulera 0-0: Called Strike
0-1: SINGLE (Groundball, 6MD)
Batting: RHB Chan-Wook Park 0-0: Foul Ball, location: 2F
0-1: Called Strike
0-2: Fly out, F9 (Flyball, 9S)
Batting: RHB Peter Feng 0-0: Ball
1-0: Ball
2-0: Ball
3-0: Base on Balls
Peter Agulera to second
Batting: RHB José Morín 0-0: Ball
1-0: Foul Ball, location: 2F
1-1: Foul Ball, location: 2F
1-2: Foul Ball, location: 2F
1-2: Ball
2-2: Ball
3-2: Base on Balls
Peter Agulera to third
Peter Feng to second
Batting: RHB Rob Morse 0-0: Ball
1-0: Foul Ball, location: 2F
1-1: Foul Ball, location: 2F
1-2: Foul Ball, location: 2F
1-2: Strikes out swinging
Bottom of the 2nd over - 0 run(s), 1 hit(s), 0 error(s), 3 left on base; San Bernardino 2 - Ft. Polk South 2
TOP OF THE 3RD
San Bernardino Grasshoppers batting - Pitching for Ft. Polk South Thunder Hawks : RHP Delano Turnipseed
Batting: RHB Shawn Hicks 0-0: Ball
1-0: Swinging Strike
1-1: Ball
2-1: SOLO HOME RUN (Flyball, 8LXD), Distance : 438 ft
Batting: LHB Eric Porter 0-0: Foul Ball, location: 2F
0-1: Ball
1-1: Swinging Strike
1-2: DOUBLE (Line Drive, 9D)
Batting: RHB Enrico Betancourt 0-0: Ball
1-0: Fly out, F6 (Popup, 56)
Batting: LHB Natale Langushi 0-0: Called Strike
0-1: Foul Ball, location: 2F
0-2: Ball
1-2: Strikes out swinging
Batting: RHB Felix Plugge 0-0: Foul Ball, location: 2F
0-1: Ball
1-1: SINGLE (Flyball, 78S)
Eric Porter to third
Runner from 3rd tries for Home, SAFE, no throw
Batting: RHB Cisco Feijoo 0-0: Foul Ball, location: 2F
0-1: Ball
1-1: Ball
2-1: Ball
3-1: Swinging Strike
3-2: Strikes out swinging, 2-3 out at first.
Top of the 3rd over - 2 run(s), 3 hit(s), 0 error(s), 1 left on base; San Bernardino 4 - Ft. Polk South 2
BOTTOM OF THE 3RD
Ft. Polk South Thunder Hawks batting - Pitching for San Bernardino Grasshoppers : RHP Austin Aries
Batting: RHB Sigi Lang 0-0: Ball
1-0: Ball
2-0: Fly out, F9 (Flyball, 9LS)
Batting: RHB César Villarreal 0-0: Ground out 6-3 (Groundball, 6MS)
Batting: RHB Borja Berrios 0-0: Ball
1-0: Foul Ball, location: 2F
1-1: Ball
2-1: Ball
3-1: Swinging Strike
3-2: Foul Ball, location: 2F
3-2: Foul Ball, location: 2F
3-2: Fly out, F7 (Flyball, 7)
Bottom of the 3rd over - 0 run(s), 0 hit(s), 0 error(s), 0 left on base; San Bernardino 4 - Ft. Polk South 2
TOP OF THE 4TH
San Bernardino Grasshoppers batting - Pitching for Ft. Polk South Thunder Hawks : RHP Delano Turnipseed
Batting: RHB Jaime López 0-0: Foul Ball, location: 2F
0-1: Ball
1-1: Called Strike
1-2: Foul Ball, location: 2F
1-2: Ball
2-2: TRIPLE (Line Drive, 9LM)
Batting: RHB Oscar Gandarilla 0-0: Ground out 5-3 (Groundball, 56S)
Jaime López scores
Batting: RHB Chris Costa 0-0: Swinging Strike
0-1: Ball
1-1: Swinging Strike
1-2: Ball
2-2: Ball
3-2: SINGLE (Flyball, 9LS)
Pitching: RHP George Ferguson
Batting: RHB Shawn Hicks 0-0: Swinging Strike
0-1: Ball
1-1: Reached on error, E6 (Groundball, 6S)
Chris Costa to third
Batting: LHB Eric Porter 0-0: Ball
1-0: Called Strike
1-1: Foul Ball, location: 2F
1-2: Ball
Passed Ball!
Chris Costa scores
Shawn Hicks to third
2-2: Ball
3-2: Fly out, F7 (Flyball, 7S)
Batting: RHB Enrico Betancourt 0-0: Fly out, F8 (Flyball, 89D)
Top of the 4th over - 2 run(s), 2 hit(s), 1 error(s), 1 left on base; San Bernardino 6 - Ft. Polk South 2
BOTTOM OF THE 4TH
Ft. Polk South Thunder Hawks batting - Pitching for San Bernardino Grasshoppers : RHP Austin Aries
Batting: RHB Pedro Méndez 0-0: Foul Ball, location: 2F
0-1: Foul Ball, location: 2F
0-2: Ball
1-2: Fly out, F5 (Line Drive, 56S)
Now at 3B: Roberto Ramírez
Batting: RHB Peter Agulera 0-0: Fly out, F6 (Line Drive, 6)
Batting: RHB Chan-Wook Park 0-0: Ball
1-0: Fly out, F9 (Flyball, 9S)
Bottom of the 4th over - 0 run(s), 0 hit(s), 0 error(s), 0 left on base; San Bernardino 6 - Ft. Polk South 2
TOP OF THE 5TH
San Bernardino Grasshoppers batting - Pitching for Ft. Polk South Thunder Hawks : RHP George Ferguson
Batting: LHB Natale Langushi 0-0: Ball
1-0: Ball
2-0: Ball
3-0: Base on Balls
Batting: RHB Felix Plugge 0-0: Called Strike
0-1: Called Strike
0-2: Foul Ball, location: 2F
0-2: DOUBLE (Flyball, 78M)
Natale Langushi to third
Batting: RHB Cisco Feijoo 0-0: Ground out 5-3 (Groundball, 56S)
Natale Langushi scores
Felix Plugge to third
Batting: RHB Jaime López 0-0: SINGLE (Flyball, 7S)
Felix Plugge scores
Batting: RHB Oscar Gandarilla 0-0: Called Strike
Error on foul ball, E2
0-2: Strikes out looking
Batting: RHB Chris Costa 0-0: Ball
Jaime López is caught stealing 2nd base
Top of the 5th over - 2 run(s), 2 hit(s), 1 error(s), 0 left on base; San Bernardino 8 - Ft. Polk South 2
BOTTOM OF THE 5TH
Ft. Polk South Thunder Hawks batting - Pitching for San Bernardino Grasshoppers : RHP Austin Aries
Batting: RHB Peter Feng 0-0: Fly out, F9 (Flyball, 9S)
Batting: RHB José Morín 0-0: Swinging Strike
0-1: Ball
1-1: Fly out, F5 (Line Drive, 56)
Batting: RHB Rob Morse 0-0: Ball
1-0: Ball
2-0: Ball
3-0: Base on Balls
Batting: RHB Sigi Lang 0-0: Ball
1-0: Swinging Strike
1-1: Ball
2-1: Ball
3-1: Fly out, F7 (Line Drive, 7D)
Bottom of the 5th over - 0 run(s), 0 hit(s), 0 error(s), 1 left on base; San Bernardino 8 - Ft. Polk South 2
TOP OF THE 6TH
San Bernardino Grasshoppers batting - Pitching for Ft. Polk South Thunder Hawks : RHP George Ferguson
Batting: RHB Chris Costa 0-0: Ball
1-0: Called Strike
1-1: Swinging Strike
1-2: Foul Ball, location: 2F
1-2: Ball
2-2: Strikes out looking
Batting: RHB Roberto Ramírez 0-0: Called Strike
0-1: Ball
1-1: Swinging Strike
1-2: Foul Ball, location: 2F
1-2: SINGLE (Flyball, 9LM)
Batting: LHB Eric Porter 0-0: Ball
1-0: Ball
2-0: Ball
3-0: Called Strike
3-1: Base on Balls
Roberto Ramírez to second
Batting: RHB Enrico Betancourt 0-0: Ball
1-0: Ball
2-0: Ball
3-0: Called Strike
3-1: SINGLE (Flyball, 7S)
Roberto Ramírez to third
Eric Porter to second
Batting: LHB Natale Langushi 0-0: Swinging Strike
0-1: SINGLE (Flyball, 8LS)
Roberto Ramírez scores
Eric Porter to third
Enrico Betancourt to second
Batting: RHB Felix Plugge 0-0: Ball
1-0: Reached on error, E5 (Groundball, 56)
Eric Porter scores
Enrico Betancourt to third
Natale Langushi to second
Pitching: RHP Gil Reeves
Batting: RHB Cisco Feijoo 0-0: Ball
1-0: Foul Ball, location: 2F
1-1: Ball
2-1: Fly out, F4 (Popup, 4)
Batting: RHB Jaime López 0-0: Ball
1-0: Called Strike
1-1: Swinging Strike
1-2: Foul Ball, location: 2F
1-2: Ball
2-2: Fly out, F8 (Flyball, 8RM)
Top of the 6th over - 2 run(s), 3 hit(s), 1 error(s), 3 left on base; San Bernardino 10 - Ft. Polk South 2
BOTTOM OF THE 6TH
Ft. Polk South Thunder Hawks batting - Pitching for San Bernardino Grasshoppers : RHP Austin Aries
Batting: RHB César Villarreal 0-0: Called Strike
0-1: Ball
1-1: Ball
2-1: SOLO HOME RUN (Line Drive, 9D), Distance : 374 ft
Batting: RHB Borja Berrios 0-0: Fly out, F8 (Line Drive, 8RD)
Batting: RHB Pedro Méndez 0-0: Ball
1-0: Called Strike
1-1: Ground out 6-3 (Groundball, 56)
Batting: RHB Peter Agulera 0-0: Called Strike
0-1: Ball
1-1: Swinging Strike
1-2: Ball
2-2: Foul Ball, location: 2F
2-2: Fly out, F9 (Flyball, 89S)
Bottom of the 6th over - 1 run(s), 1 hit(s), 0 error(s), 0 left on base; San Bernardino 10 - Ft. Polk South 3
TOP OF THE 7TH
San Bernardino Grasshoppers batting - Pitching for Ft. Polk South Thunder Hawks : RHP Gil Reeves
Batting: RHB Oscar Gandarilla 0-0: Swinging Strike
0-1: Called Strike
0-2: SINGLE (Line Drive, 4MD)
Batting: RHB Chris Costa 0-0: Called Strike
Oscar Gandarilla steals 2nd base
0-1: Swinging Strike
0-2: Ball
1-2: Strikes out swinging
Batting: RHB Roberto Ramírez 0-0: Ball
1-0: Ball
Oscar Gandarilla steals 3rd base
2-0: Called Strike
2-1: Ground out 6-3 (Groundball, 6)
Oscar Gandarilla scores
Batting: LHB Eric Porter 0-0: Called Strike
0-1: Ball
1-1: Foul Ball, location: 2F
1-2: Fly out, F8 (Flyball, 8LS)
Top of the 7th over - 1 run(s), 1 hit(s), 0 error(s), 0 left on base; San Bernardino 11 - Ft. Polk South 3
BOTTOM OF THE 7TH
Ft. Polk South Thunder Hawks batting - Pitching for San Bernardino Grasshoppers : RHP Austin Aries
Batting: RHB Chan-Wook Park 0-0: Foul Ball, location: 2F
0-1: Ball
1-1: Fly out, F8 (Flyball, 8LM)
Batting: RHB Peter Feng 0-0: Ball
1-0: Ball
2-0: Ground out 4-3 (Groundball, 4)
Batting: RHB José Morín 0-0: Ball
1-0: Foul Ball, location: 2F
1-1: Ground out 6-3 (Groundball, 6)
Bottom of the 7th over - 0 run(s), 0 hit(s), 0 error(s), 0 left on base; San Bernardino 11 - Ft. Polk South 3
TOP OF THE 8TH
San Bernardino Grasshoppers batting - Pitching for Ft. Polk South Thunder Hawks : RHP Gil Reeves
Batting: RHB Enrico Betancourt 0-0: Ball
1-0: Ball
2-0: Called Strike
2-1: Swinging Strike
2-2: Ball
3-2: Strikes out swinging
Batting: LHB Natale Langushi 0-0: Ball
1-0: Called Strike
1-1: Called Strike
1-2: Foul Ball, location: 2F
1-2: Strikes out looking
Batting: RHB Felix Plugge 0-0: Foul Ball, location: 2F
0-1: Foul Ball, location: 2F
0-2: Foul Ball, location: 2F
0-2: Strikes out looking
Top of the 8th over - 0 run(s), 0 hit(s), 0 error(s), 0 left on base; San Bernardino 11 - Ft. Polk South 3
BOTTOM OF THE 8TH
Ft. Polk South Thunder Hawks batting - Pitching for San Bernardino Grasshoppers : RHP Austin Aries
Batting: RHB Rob Morse 0-0: Called Strike
0-1: Ball
1-1: Ball
2-1: Fly out, F9 (Flyball, 9S)
Pitching: LHP Peter Hall
Batting: RHB Sigi Lang 0-0: Foul Ball, location: 2F
0-1: Ball
1-1: Ball
2-1: Ball
3-1: Foul Ball, location: 2F
3-2: Strikes out swinging
Batting: RHB César Villarreal 0-0: Called Strike
0-1: Called Strike
0-2: Foul Ball, location: 2F
0-2: Strikes out swinging
Bottom of the 8th over - 0 run(s), 0 hit(s), 0 error(s), 0 left on base; San Bernardino 11 - Ft. Polk South 3
TOP OF THE 9TH
San Bernardino Grasshoppers batting - Pitching for Ft. Polk South Thunder Hawks : RHP Gil Reeves
Batting: RHB Cisco Feijoo 0-0: Ball
1-0: Ball
2-0: Swinging Strike
2-1: Called Strike
2-2: SINGLE (Line Drive, 7S)
Batting: RHB Jaime López 0-0: Called Strike
0-1: Ball
1-1: Fielders Choice at 2nd, 6-4 (Groundball, 6)
Batting: RHB Oscar Gandarilla 0-0: Ground out 6-3 (Groundball, 6)
Jaime López to second
Batting: RHB Chris Costa 0-0: Ball
1-0: SINGLE (Groundball, 6MD)
Jaime López to third
Runner from 3rd tries for Home, SAFE, no throw
Batting: RHB Roberto Ramírez 0-0: Ball
1-0: Swinging Strike
1-1: Called Strike
1-2: Ball
Wild Pitch!
Chris Costa to second
2-2: Foul Ball, location: 2F
2-2: Ball
3-2: Foul Ball, location: 2F
3-2: Foul Ball, location: 2F
3-2: Base on Balls
Batting: LHB Eric Porter 0-0: Ball
1-0: Fielders Choice at 2nd, 4-6 (Groundball, 4)
Top of the 9th over - 1 run(s), 2 hit(s), 0 error(s), 1 left on base; San Bernardino 12 - Ft. Polk South 3
BOTTOM OF THE 9TH
Ft. Polk South Thunder Hawks batting - Pitching for San Bernardino Grasshoppers : LHP Peter Hall
Now at 3B: Jorge Estrada
Now in CF: Noel King
Batting: RHB Borja Berrios 0-0: Fly out, F5 (Popup, 5D)
Batting: RHB Pedro Méndez 0-0: SINGLE (Line Drive, 56D)
Batting: RHB Peter Agulera 0-0: Ball
1-0: Ball
2-0: SINGLE (Groundball, 34S) (infield hit)
Pedro Méndez to second
Batting: RHB Chan-Wook Park 0-0: Ball
1-0: Called Strike
1-1: Ball
2-1: Foul Ball, location: 2F
2-2: SINGLE (Flyball, 78S)
Pedro Méndez to third
Peter Agulera to second
Runner from 3rd tries for Home, SAFE, throw made home
Peter Agulera to third
Chan-Wook Park to second
Batting: RHB Peter Feng 0-0: Ball
1-0: Ball
2-0: Foul Ball, location: 2F
2-1: Ground out U3 (Groundball, 3)
Batting: RHB José Morín 0-0: Called Strike
0-1: Foul Ball, location: 2F
0-2: Ball
1-2: Hit by Pitch
Batting: RHB Rob Morse 0-0: Fielders Choice at 2nd, 5-4 (Groundball, 5)
Bottom of the 9th over - 1 run(s), 3 hit(s), 0 error(s), 2 left on base; San Bernardino 12 - Ft. Polk South 4
Monday, August 21st, 2017 - OOTP Baseball 17.12 Build 75